 Dungeon Crawl Stone Soup version 0.28.0-45-g0d030f2227 (webtiles) character file.

Game seed: 14027208622563562725

5232 Ablot the Magician (level 10, -6/78 (79) HPs)
             Began as a Gnoll Warper on Apr 10, 2022.
             Was an Elder of Okawaru.
             Mangled by a two-headed ogre
             ... wielding a +0 giant spiked club
              (18 damage)
             ... on level 8 of the Dungeon.
             The game lasted 00:20:59 (12482 turns).

Ablot the Magician (Gnoll Warper)                  Turns: 12482, Time: 00:21:01

HP:   -6/78 (79)    AC: 11    Str: 18    XL:     10   Next: 61%
MP:   21/21         EV: 14    Int: 16    God:    Okawaru [****..]
Gold: 360           SH:  0    Dex: 11    Spells: 17/24 levels left

rFire   . . .      SeeInvis +   a - +0 trident
rCold   . . .      Faith    .   (no shield)
rNeg    . . .      Spirit   .   b - +3 leather armour
rPois   .          Reflect  .   j - +0 helmet
rElec   .          Harm     .   (no cloak)
rCorr   .          Rampage  .   (no gloves)
Will    .....                   l - +2 pair of boots {Fly}
Stlth   +++.......              L - amulet of regeneration
HPRegen 1.03/turn               w - ring of see invisible
MPRegen 0.17/turn               E - +6 ring of strength

@: flying, lightly drained
A: fangs 1, strong nose, distributed training
a: Renounce Religion, Heroism, Finesse


You were on level 8 of the Dungeon.
You worshipped Okawaru.
Okawaru was greatly pleased with you.
You visited 2 branches of the dungeon, and saw 9 of its levels.
You also visited: Sewer.

You collected 360 gold pieces.

Inventory:

Hand Weapons
 a - a +0 trident (weapon)
 t - a +3 morningstar of freezing
 N - a +5 hunting sling of freezing
Missiles
 d - 5 boomerangs of dispersal
 f - 37 poisoned darts (quivered)
 g - 33 sling bullets
 i - 348 stones
 o - 11 boomerangs
 v - 56 arrows
 G - 42 bolts
 H - 3 throwing nets
Armour
 b - a +3 leather armour (worn)
 j - a +0 helmet (worn)
 l - a +2 pair of boots of flying (worn)
 C - a +0 robe of willpower
 O - a +3 ring mail
Magical Staves
 F - a staff of cold
Jewellery
 w - a ring of see invisible (left hand)
 E - a +6 ring of strength (right hand)
 L - an amulet of regeneration (around neck)
Scrolls
 c - 2 scrolls of blinking
 k - 2 scrolls of enchant armour {unknown}
 m - a scroll of noise {unknown}
 p - a scroll of amnesia {unknown}
 r - a scroll of silence {unknown}
 s - 2 scrolls of identify {unknown}
 u - 3 scrolls of fear {unknown}
 x - 2 scrolls of teleportation {unknown}
 y - a scroll of enchant weapon {unknown}
 A - 2 scrolls of fog {unknown}
 J - 3 scrolls of vulnerability {unknown}
 M - a scroll of holy word {unknown}
Potions
 e - a potion of curing
 h - 3 potions of heal wounds {unknown}
 n - a potion of mutation {unknown}
 q - 4 potions of might {unknown}
 z - a potion of lignification {unknown}
 B - a potion of magic {unknown}
 D - a potion of resistance {unknown}
 I - a potion of cancellation {unknown}
 K - a potion of flight {unknown}


   Skills:
 + Level 7.2 Fighting
 + Level 5.4 Short Blades
 + Level 5.4 Long Blades
 + Level 5.4 Axes
 + Level 5.4 Maces & Flails
 + Level 7.2 Polearms
 + Level 5.4 Staves
 + Level 5.4 Slings
 + Level 5.4 Bows
 + Level 5.4 Crossbows
 + Level 6.1 Throwing
 + Level 6.1 Armour
 + Level 7.2 Dodging
 + Level 5.4 Stealth
 + Level 5.4 Shields
 + Level 5.4 Unarmed Combat
 + Level 7.5 Spellcasting
 + Level 4.5 Conjurations
 + Level 4.5 Hexes
 + Level 4.5 Summonings
 + Level 4.5 Necromancy
 + Level 7.2 Translocations
 + Level 4.5 Transmutations
 + Level 4.5 Fire Magic
 + Level 4.5 Ice Magic
 + Level 4.5 Air Magic
 + Level 4.5 Earth Magic
 + Level 4.5 Poison Magic
 + Level 6.0 Invocations
 + Level 5.4 Evocations


You had 17 spell levels left.
You knew the following spells:

 Your Spells              Type           Power      Damage    Failure   Level
a - Blink                 Tloc           58%        N/A       1%          2
b - Poisonous Vapours     Pois/Air       40%        N/A       3%          2
c - Freeze                Ice            80%        1d9       2%          1
d - Corpse Rot            Necr/Air       40%        N/A       3%          2

Your spell library contained the following spells:

 Spells                   Type           Power      Damage    Failure   Level
 Magic Dart               Conj           80%        1d7       2%          1
 Pain                     Necr           80%        1d8       2%          1
 Gell's Gravitas          Tloc           29%        N/A       2%          3
 Lesser Beckoning         Tloc           29%        N/A       2%          3
 Teleport Other           Tloc           29%        N/A       2%          3
 Searing Ray              Conj           40%        2d5       3%          2
 Frozen Ramparts          Ice            40%        1d6       6%          3
 Ozocubu's Armour         Ice            20%        N/A       6%          3
 Vampiric Draining        Necr           20%        2d7       6%          3
 Manifold Assault         Tloc           29%        N/A       21%         5
 Fulminant Prism          Conj/Hex       10%        3d9       22%         4
 Hailstorm                Conj/Ice       20%        3d6       22%         4
 Metabolic Englaciation   Hex/Ice        10%        N/A       52%         5
 Animate Skeleton         Necr           Unusable   N/A       N/A         1
 Summon Small Mammal      Summ           Unusable   N/A       N/A         1
 Call Canine Familiar     Summ           Unusable   N/A       N/A         3
 Summon Guardian Golem    Hex/Summ       Unusable   N/A       N/A         3
 Simulacrum               Ice/Necr       Unusable   N/A       N/A         6

Dungeon Overview and Level Annotations

Branches:
Dungeon (8/15)             Temple (1/1) D:6           Sewer (visited)
   Lair: D:8-11

Altars:
Ashenzari
Cheibriados
Dithmenos
Elyvilon
Fedhas
Gozag
Kikubaaqudgha
Makhleb
Okawaru
Sif Muna
Uskayaw
Vehumet
Wu Jian
Xom
Yredelemnul
Zin
The Shining One

Shops:
D:3 (


Innate Abilities, Weirdness & Mutations

You have very sharp teeth.
Your uncanny sense of smell can sniff out nearby items.
Your experience applies equally to all skills.


Message History

You kill the water moccasin!
Okawaru accepts your kill.
You feel sick.
Your Invocations skill increases to level 6!
You completely miss the two-headed ogre.
You feel sick.
The two-headed ogre hits you with a +0 giant spiked club!
The two-headed ogre closely misses you.
You are too injured to fight recklessly!
You are too injured to fight recklessly!
You are too injured to fight recklessly!
You are too injured to fight recklessly!
You feel sick.
You barely miss the two-headed ogre. You bite the two-headed ogre.
The two-headed ogre is lightly wounded.
You feel sick.
You are no longer poisoned.
The two-headed ogre misses you. The two-headed ogre closely misses you.
You puncture the two-headed ogre!
You bite the two-headed ogre, but do no damage.
The two-headed ogre is moderately wounded.
You barely miss the two-headed ogre. Your bite misses the two-headed ogre.
The two-headed ogre is moderately wounded.
The two-headed ogre misses you. The two-headed ogre barely misses you.
You puncture the two-headed ogre!
The two-headed ogre is moderately wounded.
The two-headed ogre closely misses you. x2
You hit the two-headed ogre. You punch the two-headed ogre!
The two-headed ogre is severely wounded.
The two-headed ogre closely misses you.
The two-headed ogre hits you with a +0 giant club.
You puncture the two-headed ogre!
The two-headed ogre is severely wounded.
You hit the two-headed ogre.
You bite the two-headed ogre, but do no damage.
The two-headed ogre is almost dead.
The two-headed ogre hits you with a +0 giant spiked club!!
* * * LOW HITPOINT WARNING * * *
The two-headed ogre hits you with a +0 giant club!!
You die...

### ..### .... .. ... .g.
. ..# #..# ## #. ..## #..
.. .######†..#####.# .#
..##.O.........### ∆
#.##@#...###....># # #
#.##.##.## #.....##.#
#.###....##.####........#
#.....#####....).........
####..# ######.....###.
#..# #<..### #..# #...#
####..# #...##
#.....####### #....#


You could see a two-headed ogre.

Vanquished Creatures
  A two-headed ogre (D:6)
  A deep elf pyromancer (D:7)
  5 centaur zombies
  Grinder (D:6)
  Menkaure (D:6)
  3 water moccasins
  An orc warrior (D:7)
  A black bear (D:7)
  A hornet zombie (D:5)
  An ice beast (D:7)
  4 ogres
  A necrophage (D:4)
  A centaur (D:8)
  A phantom (D:7)
  5 kobold brigands
  3 bullfrogs (D:7)
  A water moccasin zombie (D:6)
  2 water moccasin skeletons
  6 wights
  A bullfrog zombie (D:6)
  4 jellies
  4 orc priests
  3 gnoll shamans
  5 hounds
  3 iguanas
  A scorpion zombie (D:5)
  6 orc wizards
  A killer bee zombie (D:6)
  2 hound skeletons (D:5)
  17 gnolls
  8 adders
  A howler monkey skeleton (D:7)
  3 river rats (Sewer)
  4 white imps
  An ufetubus (D:4)
  An adder skeleton (D:4)
  5 worms
  A dart slug (D:4)
  32 orcs
  11 endoplasms
  6 giant cockroaches
  12 goblins
  4 hobgoblins
  A jackal (D:1)
  2 quokkas
  11 ball pythons
  10 bats
  7 frilled lizards
  17 kobolds
  9 rats
233 creatures vanquished.

Vanquished Creatures (others)
  8 plants
8 creatures vanquished.

Grand Total: 241 creatures vanquished

Notes
Turn   | Place    | Note
-------+----------+-------------------------------------------
     0 | D:1      | Ablot the Gnoll Warper began the quest for the Orb.
     0 | D:1      | Reached XP level 1. HP: 20/20 MP: 6/6
   107 | D:1      | Reached XP level 2. HP: 23/26 MP: 7/7
   110 | D:1      | Learned a level 2 spell: Blink
   573 | D:1      | Reached XP level 3. HP: 31/31 MP: 9/9
   620 | D:1      | Reached skill level 5 in Spellcasting
   879 | D:2      | Reached skill level 1 in Invocations
  1044 | D:2      | Reached skill level 1 in Short Blades
  1044 | D:2      | Reached skill level 1 in Long Blades
  1044 | D:2      | Reached skill level 1 in Axes
  1044 | D:2      | Reached skill level 1 in Maces & Flails
  1044 | D:2      | Reached skill level 1 in Staves
  1044 | D:2      | Reached skill level 1 in Slings
  1044 | D:2      | Reached skill level 1 in Bows
  1044 | D:2      | Reached skill level 1 in Crossbows
  1044 | D:2      | Reached skill level 1 in Stealth
  1044 | D:2      | Reached skill level 1 in Shields
  1044 | D:2      | Reached skill level 1 in Unarmed Combat
  1044 | D:2      | Reached skill level 1 in Evocations
  1119 | D:2      | Found an iron altar of Okawaru.
  1131 | D:2      | Became a worshipper of Warmaster Okawaru
  1216 | D:2      | Reached XP level 4. HP: 38/38 MP: 11/11
  1217 | D:2      | Found a faded altar of an unknown god.
  1368 | D:2      | Reached skill level 1 in Conjurations
  1368 | D:2      | Reached skill level 1 in Hexes
  1368 | D:2      | Reached skill level 1 in Summonings
  1368 | D:2      | Reached skill level 1 in Necromancy
  1368 | D:2      | Reached skill level 1 in Transmutations
  1368 | D:2      | Reached skill level 1 in Fire Magic
  1368 | D:2      | Reached skill level 1 in Ice Magic
  1368 | D:2      | Reached skill level 1 in Air Magic
  1368 | D:2      | Reached skill level 1 in Earth Magic
  1368 | D:2      | Reached skill level 1 in Poison Magic
  2205 | D:3      | Found a hide-covered altar of Uskayaw.
  2249 | D:3      | Reached XP level 5. HP: 38/43 MP: 12/12
  2566 | D:3      | Found an opulent altar of Gozag.
  2628 | D:3      | Found a blossoming altar of Fedhas.
  2744 | D:3      | Found Weirph's Weapon Boutique.
  2964 | D:3      | HP: 2/43 [orc/+0 trident (6)]
  2965 | D:3      | Reached XP level 6. HP: 2/50 MP: 13/13
  4208 | D:4      | Reached skill level 5 in Fighting
  4208 | D:4      | Reached skill level 5 in Polearms
  4208 | D:4      | Reached skill level 5 in Dodging
  4279 | D:4      | Found a glowing drain.
  4288 | Sewer    | Entered a sewer
  4496 | Sewer    | Reached XP level 7. HP: 37/56 MP: 15/15
  4815 | Sewer    | Reached * piety under Okawaru
  5443 | D:4      | Learned a level 2 spell: Poisonous Vapours
  5784 | D:4      | Reached ** piety under Okawaru
  5785 | D:4      | Reached XP level 8. HP: 20/63 MP: 16/16
  6733 | D:4      | Found an iron altar of Okawaru.
  6867 | D:5      | Entered Level 5 of the Dungeon
  7167 | D:5      | Learned a level 1 spell: Freeze
  7583 | D:5      | Reached XP level 9. HP: 32/69 MP: 18/18
  8429 | D:5      | Learned a level 2 spell: Corpse Rot
  8538 | D:6      | Found a staircase to the Ecumenical Temple.
  8602 | Temple   | Entered the Ecumenical Temple
  9113 | D:6      | Noticed Menkaure
  9943 | D:6      | Noticed Grinder
  9946 | D:6      | Paralysed by Grinder for 4 turns
  9951 | D:6      | Paralysed by Grinder for 7 turns
  9961 | D:6      | Paralysed by Grinder for 5 turns
  9966 | D:6      | Killed Grinder
  9987 | D:6      | Killed Menkaure
  9988 | D:6      | Reached skill level 5 in Throwing
  9988 | D:6      | Reached skill level 5 in Armour
 10622 | D:7      | Reached *** piety under Okawaru
 10679 | D:7      | Noticed a two-headed ogre
 10752 | D:6      | Killed a two-headed ogre
 10753 | D:6      | Reached skill level 5 in Invocations
 10959 | D:7      | Reached **** piety under Okawaru
 10960 | D:7      | Reached XP level 10. HP: 77/77 MP: 20/20
 11137 | D:7      | Found a shimmering blue altar of Sif Muna.
 11203 | D:7      | Reached skill level 5 in Short Blades
 11203 | D:7      | Reached skill level 5 in Long Blades
 11203 | D:7      | Reached skill level 5 in Axes
 11203 | D:7      | Reached skill level 5 in Maces & Flails
 11203 | D:7      | Reached skill level 5 in Staves
 11203 | D:7      | Reached skill level 5 in Slings
 11203 | D:7      | Reached skill level 5 in Bows
 11203 | D:7      | Reached skill level 5 in Crossbows
 11203 | D:7      | Reached skill level 5 in Stealth
 11203 | D:7      | Reached skill level 5 in Shields
 11203 | D:7      | Reached skill level 5 in Unarmed Combat
 11203 | D:7      | Reached skill level 5 in Evocations
 11354 | D:7      | Noticed a deep elf pyromancer
 11391 | D:7      | Killed a deep elf pyromancer
 11980 | D:8      | Received a gift from Okawaru
 12006 | D:8      | Noticed a two-headed ogre
 12482 | D:8      | Mangled by a two-headed ogre

Illustrated notes

Levels and vault maps discovered:
D:1:      saegor_arrival_simple_d, layout_rooms
D:2:      layout_rooms, basic_altar, basic_ecumenical_altar, minmay_nonomino_d4
D:3:      layout_loops_corners, mainiacjoe_overflow_catwalk,
          jmf_multi_god_temple, serial_bayou, serial_bayou_pond_c,
          serial_bayou_ford_a, serial_bayou_lagoon_a, serial_bayou_shore_a,
          serial_bayou_shore_b, serial_shops, shop, st_stairs_7,
          hangedman_decor_diamond_cutter
D:4:      layout_basic, okawaru_metal_pillars_1_2, portal_sewer_entry_d,
          kennysheep_small_circle
D:5:      layout_basic, serial_glass, glass_columns_b, glass_columns_c,
          serial_bayou_crossing
D:6:      layout_basic, temple_green, uniq_menkaure, uniq_grinder
D:7:      nzn_winding_woodlands_cross [nzn_winding_woodlands_5x15_concentric,
          nzn_winding_woodlands_5x15_pathside_ponds,
          nzn_winding_woodlands_5x15_pool, nzn_winding_woodlands_5x15_sawtooth,
          nzn_winding_woodlands_15x15_eel_pit], layout_cave_pools,
          kennysheep_orc_sif_temple, grunt_ogre_cave,
          chequers_serial_rivers_micro_a
D:8:      layout_loops_ring, david_lair_shrubbed,
          hangedman_abyss_or_decor_stagger
Temple:   hc_temple_tempest_star

Skill      XL: |  1  2  3  4  5  6  7  8  9 10 |
---------------+-------------------------------+-----
Spellcasting   | 5 6 7 |  7.5
Invocations    | 1 2 3 4 5 6 |  6.0
Short Blades   | 1 2 3 4 5 |  5.4
Long Blades    | 1 2 3 4 5 |  5.4
Axes           | 1 2 3 4 5 |  5.4
Maces & Flails | 1 2 3 4 5 |  5.4
Staves         | 1 2 3 4 5 |  5.4
Slings         | 1 2 3 4 5 |  5.4
Bows           | 1 2 3 4 5 |  5.4
Crossbows      | 1 2 3 4 5 |  5.4
Stealth        | 1 2 3 4 5 |  5.4
Shields        | 1 2 3 4 5 |  5.4
Unarmed Combat | 1 2 3 4 5 |  5.4
Evocations     | 1 2 3 4 5 |  5.4
Conjurations   | 1 2 3 4 |  4.5
Hexes          | 1 2 3 4 |  4.5
Summonings     | 1 2 3 4 |  4.5
Necromancy     | 1 2 3 4 |  4.5
Transmutations | 1 2 3 4 |  4.5
Fire Magic     | 1 2 3 4 |  4.5
Ice Magic      | 1 2 3 4 |  4.5
Air Magic      | 1 2 3 4 |  4.5
Earth Magic    | 1 2 3 4 |  4.5
Poison Magic   | 1 2 3 4 |  4.5
Throwing       | 3 4 5 6 |  6.1
Armour         | 3 4 5 6 |  6.1
Fighting       | 5 6 7 |  7.2
Polearms       | 5 6 7 |  7.2
Dodging        | 5 6 7 |  7.2
Translocations | 6 7 |  7.2

Action                   |  1- 3 |  4- 6 |  7- 9 | 10-12 || total
-------------------------+-------+-------+-------+-------++-------
Melee: Spear             |   132 |   170 |       |       ||   302
       Bite              |     7 |    19 |    60 |    34 ||   120
       Punch             |     1 |     5 |    18 |    10 ||    34
       Trident           |       |    92 |   526 |   304 ||   922
Throw: Boomerang         |       |     6 |    18 |       ||    24
       Dart              |       |       |    11 |     7 ||    18
 Cast: Freeze            |       |       |     3 |       ||     3
       Blink             |       |       |     3 |       ||     3
       Corpse Rot        |       |       |       |     2 ||     2
Invok: Heroism           |       |       |     1 |     3 ||     4
  Use: Potion            |       |     1 |       |       ||     1
 Stab: Sleeping          |     4 |     1 |     6 |     4 ||    15
       Distracted        |       |     1 |       |       ||     1
Armor: Leather armour    |    48 |    62 |   152 |    89 ||   351
Dodge: Dodged            |    74 |   127 |   287 |   180 ||   668
